 Dungeon Crawl Stone Soup version 0.23-a0-454-gae4fabde77 (webtiles) character file.

21 LostNumber the Ruffian (level 2, 0/23 HPs)
             Began as a Draconian Transmuter on Nov 23, 2018.
             Slain by a rat (1 damage)
             ... on level 1 of the Dungeon on Nov 24, 2018.
             The game lasted 00:01:45 (471 turns).

LostNumber the Ruffian (Draconian Transmuter)        Turns: 471, Time: 00:01:46

Health: 0/23       AC:  4    Str: 12    XL:     2   Next: 65%
Magic:  4/5        EV:  9    Int: 16    God:
Gold:   23         SH:  0    Dex: 11    Spells: 2/5 levels left

rFire    . . .     SeeInvis .     - Unarmed
rCold    . . .     Gourm    .   (no shield)
rNeg     . . .     Faith    .   (armour unavailable)
rPois    .         Spirit   .   (helmet restricted)
rElec    .         Reflect  .   (no cloak)
rCorr    .         Harm     .   (no gloves)
MR       .....     Rnd*Tele +   (no boots)
Stlth    +.........             (no amulet)
HPRegen  0.07/turn              g - +3 ring of intelligence
MPRegen  0.09/turn              i - ring of teleportation (curse)

@: appendage, constricted
A: unfitting armour, horns 2, cold-blooded, AC +4
a: End Transformation


You were on level 1 of the Dungeon.
You were not hungry.
You had grown temporary horns.
You visited 1 branch of the dungeon, and saw 1 of its levels.

You collected 23 gold pieces.

Inventory:

Missiles
 a - 12 arrows
Jewellery
 g - a +3 ring of intelligence (left hand)
 i - a cursed ring of teleportation (right hand)
Potions
 b - a potion of magic {unknown}
 d - 2 potions of resistance
 h - 2 potions of curing {unknown}
Comestibles
 c - 2 rations


   Skills:
 + Level 1.6 Fighting
 + Level 2.1 Dodging
 * Level 3.4 Unarmed Combat
 - Level 2.0 Spellcasting
 + Level 2.1 Transmutations


You had 2 spell levels left.
You knew the following spells:

 Your Spells              Type           Power        Failure   Level  Hunger
a - Beastly Appendage     Tmut           #.....       9%          1    #......
b - Sticks to Snakes      Tmut           #.......     13%         2    ###....

Your spell library contained the following spells:

 Spells                   Type           Power        Failure   Level  Hunger
 Spider Form              Tmut/Pois      #.........   38%         3    ###....
 Ice Form                 Ice/Tmut       #.......     80%         4    #####..
 Blade Hands              Tmut           #.........   94%         5    ######.


Dungeon Overview and Level Annotations

Branches:
Dungeon (1/15)

Altars:


Innate Abilities, Weirdness & Mutations

Your plain brown scales are hard. (AC +4)
You cannot fit into any form of body armour.
You are cold-blooded and may be slowed by cold attacks.
You have a pair of horns on your head.


Message History

Unknown command.
You hit the dart slug. You headbutt the dart slug.
You kill the dart slug!
The ball python bites you. The ball python constricts you. The rat bites you.
* * * LOW HITPOINT WARNING * * *
Unknown command.
You barely miss the ball python. Your punch misses the ball python.
The ball python bites you.
* * * LOW HITPOINT WARNING * * *
x2 The ball python constricts you.
The rat bites you.
* * * LOW HITPOINT WARNING * * *
Unknown command.
You closely miss the ball python.
The ball python bites you but does no damage.
The ball python constricts you. The rat barely misses you.
The ball python bites you but does no damage.
The ball python constricts you.
Unknown command.
You barely miss the ball python. The rat bites you.
You die...

#..=...........#####.
#....................
#..(..#..#........[..
#........#.###(..#### #
##.......# #...# ..##
#...#.#### #...# #
.....#.#....# #...# ##
..........#.#
###...###.
.##...@....###.....(...
#..†Sr.#.......)...##
#...>.............###
#...........†.....###
#....................
#....................
#....................
#....................
................


You could see a ball python and a rat.

Vanquished Creatures
  An ooze (D:1)
  A dart slug (D:1)
  A leopard gecko (D:1)
  A giant cockroach (D:1)
  2 goblins (D:1)
  3 hobgoblins (D:1)
  5 rats (D:1)
14 creatures vanquished.

Notes
Turn   | Place    | Note
-------+----------+-------------------------------------------
     0 | D:1      | LostNumber the Draconian Transmuter began the quest for the
                  | Orb.
     0 | D:1      | Reached XP level 1. HP: 16/16 MP: 3/3
     0 | D:1      | Upgraded the game from 0.23-a0-451-g1044d4cbad to
                  | 0.23-a0-454-gae4fabde77
   273 | D:1      | Reached XP level 2. HP: 23/23 MP: 3/5
   281 | D:1      | Learned a level 2 spell: Sticks to Snakes
   469 | D:1      | HP: 1/23 [rat (2)]
   471 | D:1      | Slain by a rat

Vault maps used:
D:1:      lemuel_arrival_muddy, minivault_26

Skill      XL: |  1 |
---------------+----+-----
Dodging        | 2 |  2.1
Fighting       | |  1.6
Unarmed Combat | |  3.4
Spellcasting   | |  2.0
Transmutations | |  2.1

Action                   || total
-------------------------++-------
Melee: Unarmed           ||    36
       Kick              ||     6
       Tailslap          ||     3
       Headbutt          ||     1
       Punch             ||     1
 Cast: Beastly Appendage ||     7
  Use: Scroll            ||     2
Armor: Skin              ||     9
Dodge: Dodged            ||    17

Table legend:
 A = Non-vault XP
 B = Vault XP
 C = Vault XP percentage of total XP
 D = Non-vault monster count
 E = Vault monster count
 F = Vault count percentage of total count
                 A         B        C        D         E       F
            +---------+---------+-------+---------+---------+-------
      Total |      31 |       0 |   0.0 |      14 |       0 |   0.0
            +---------+---------+-------+---------+---------+-------
        D:1 |      31 |       0 |   0.0 |      14 |       0 |   0.0
            +---------+---------+-------+---------+---------+-------
